 Dungeon Crawl Stone Soup version bcrawl-1.18 (webtiles) character file.

Game seed: 692601619389698209

143 Morbidden the Grave Robber (level 5, -4/28 HPs)
             Began as an Avariel Necromancer on Oct 31, 2019.
             Slain by an ogre
             ... wielding a +0 giant club
              (27 damage)
             ... on level 4 of the Dungeon.
             The game lasted 00:05:26 (3427 turns).

Morbidden the Grave Robber (Avariel Necromancer)    Turns: 3427, Time: 00:05:27

Health: -4/28      AC:  4    Str:  7    XL:     5   Next: 25%
Magic:  10/14      EV: 13    Int: 21    God:
Gold:   89         SH:  0    Dex: 17    Spells: 9/13 levels left

rFire    . . .     SeeInvis .   a - +0 dagger
rCold    . . .     Gourm    .   (no shield)
rNeg     . . .     Faith    .   b - +0 robe
rPois    .         Spirit   .   (no helmet)
rElec    .         Reflect  .   t - +0 cloak
rCorr    .         Harm     .   (no gloves)
MR       .....                  c - +0 pair of boots
Stlth    ++........             (no amulet)
HPRegen  0.09/turn              e - +4 ring of dexterity
MPRegen  0.14/turn              (no ring)

@: no status effects
A: no striking features
a: no special abilities


You were on level 4 of the Dungeon.
You were hungry.

You visited 1 branch of the dungeon, and saw 4 of its levels.

You collected 89 gold pieces.

Inventory:

Hand Weapons
 a - a +0 dagger (weapon)
Armour
 b - a +0 robe (worn)
 c - a +0 pair of boots (worn)
 t - a +0 cloak (worn)
Jewellery
 e - a +4 ring of dexterity (left hand)
 r - an uncursed ring of insulation {unknown}
Scrolls
 g - a scroll of remove curse
 j - a scroll of immolation {unknown}
 k - 3 scrolls of amnesia {unknown}
 l - a scroll of enchant armour {unknown}
 o - a scroll of identify {unknown}
 u - a scroll of fear {unknown}
Potions
 h - a potion of curing {unknown}
 i - a potion of magic {unknown}
 m - a potion of agility {unknown}
 n - 2 potions of flight {unknown}
 p - 2 potions of degeneration {unknown}
 q - 2 potions of heal wounds {unknown}
 s - 4 potions of haste {unknown}
Comestibles
 d - 5 rations {!d}


   Skills:
 * Level 0.3 Fighting
 * Level 0.1 Short Blades
 + Level 2.2 Dodging
 + Level 2.2 Stealth
 * Level 4.6 Spellcasting
 * Level 5.9 Necromancy


You had 9 spell levels left.
You knew the following spells:

 Your Spells              Type           Power        Failure   Level  Hunger
a - Pain                  Necr           ####..       1%          1    None
b - Vampiric Draining     Necr           ####......   3%          3    ##.....

Your spell library contained the following spells:

 Spells                   Type           Power        Failure   Level  Hunger
 Animate Skeleton         Necr           N/A          1%          1    None
 Regeneration             Chrm/Necr      ###.......   10%         3    ##.....
 Animate Dead             Necr           N/A          10%         4    ####...
 Confuse                  Hex            #.......     34%         3    ##.....
 Dazzling Spray           Conj/Hex       #.....       34%         3    ##.....
 Bolt of Draining         Conj/Necr      ###.......   67%         5    ######.
 Petrify                  Tmut/Erth      #.......     75%         4    ####...
 Yara's Violent Unravell  Hex/Tmut       #.........   75%         4    ####...
 Metabolic Englaciation   Hex/Ice        #.........   97%         5    ######.
 Mana Rupture             Conj/Hex       #.........   100%        7    #######


Dungeon Overview and Level Annotations

Branches:
Dungeon (4/12)             Temple (0/1) D:4

Altars:
Fedhas

Annotations:
D:3 3 runed translucent doors, Ethylacetat's ghost, amateur SDSA
D:4 Robin


Message History

The ogre writhes in agony.
The ogre shouts!
You are feeling hungry.
An adder skeleton comes into view.
Casting: Pain (safe; 1% risk of failure)
Confirm with . or Enter, or press ? or * to list all spells.
Aiming: Pain (safe; 1% risk of failure)
Press: ? - help, Shift-Dir - straight line, f/p - ogre
Aim: an ogre, wielding a +0 giant club (moderately wounded, chance to defeat MR: 87%)
The ogre barely resists.
Casting: Pain (safe; 1% risk of failure)
Confirm with . or Enter, or press ? or * to list all spells.
Aiming: Pain (safe; 1% risk of failure)
Press: ? - help, Shift-Dir - straight line, f/p - ogre
Aim: an ogre, wielding a +0 giant club (moderately wounded, chance to defeat MR: 87%)
The ogre barely resists.
The ogre hits you with a +0 giant club.
Unknown command.
The ogre hits you with a +0 giant club!!
Ouch! That really hurt!
You die...

#. .. ......
###.#.. .....
.....#.#....###
..........§≈≈..
.........≈§§§≈.
........≈≈§≈≈≈§
.[......§§§>§§≈
.......@O≈§§§§§
.........≈≈§≈≈.
...#......≈≈§..
. ##.#.#######
#O#.# ..#.#
.... .. #.#
..5... ..# #..


You could see 2 ogres.

Vanquished Creatures
  Jessica (D:2)
  3 adders
  A worm (D:3)
  A dart slug (D:1)
  6 leopard geckos
  9 bats
  3 giant cockroaches
  5 goblins
  15 hobgoblins
  7 jackals
  3 quokkas
  A ball python (D:1)
  3 frilled lizards
  11 kobolds
  3 rats
72 creatures vanquished.

Notes
Turn   | Place    | Note
-------+----------+-------------------------------------------
     0 | D:1      | Morbidden the Avariel Necromancer began the quest for the
                  | Orb.
     0 | D:1      | Reached XP level 1. HP: 10/10 MP: 6/6
    51 | D:1      | Reached XP level 2. HP: 6/15 MP: 0/7
   310 | D:1      | Reached skill level 5 in Necromancy
   656 | D:1      | Reached XP level 3. HP: 10/19 MP: 1/9
  1553 | D:2      | Learned a level 3 spell: Vampiric Draining
  1741 | D:2      | Reached XP level 4. HP: 21/24 MP: 7/11
  1886 | D:2      | Noticed Jessica
  1893 | D:2      | Killed Jessica
  2122 | D:2      | Found a blossoming altar of Fedhas.
  2241 | D:2      | Found a faded altar of an unknown god.
  2459 | D:3      | Reached XP level 5. HP: 18/28 MP: 3/13
  2795 | D:3      | Found a runed translucent gate.
  2795 | D:3      | Found a runed translucent gate.
  2795 | D:3      | Found a runed translucent gate.
  2795 | D:3      | Noticed a big kobold
  2795 | D:3      | Noticed a big kobold
  2795 | D:3      | Noticed Ethylacetat's ghost (amateur SDSA)
  2795 | D:3      | Identified the +6 whip "Talo" {chaos, rPois rN+ MR+ Dex+2}
  2795 | D:3      | Noticed a big kobold
  3376 | D:4      | Noticed Robin
  3422 | D:4      | Found a staircase to the Ecumenical Temple.
  3422 | D:4      | Noticed an ogre
  3423 | D:4      | Noticed an ogre
  3427 | D:4      | Slain by an ogre

Skill      XL: |  1  2  3  4 |
---------------+-------------+-----
Necromancy     | 5 |  5.9
Spellcasting   | 3 4 |  4.6
Fighting       | |  0.3
Short Blades   | |  0.1
Dodging        | |  2.2
Stealth        | |  2.2

Action                   |  1- 3 |  4- 6 || total
-------------------------+-------+-------++-------
Melee: Dagger            |     2 |     1 ||     3
 Cast: Pain              |    64 |    63 ||   127
       Vampiric Draining |     1 |       ||     1
  Use: Scroll            |       |     1 ||     1
  Eat: Chunk             |     2 |     5 ||     7
Armor: Robe              |     2 |     2 ||     4
Dodge: Dodged            |    20 |     6 ||    26
